 Dungeon Crawl Stone Soup version 0.30-a0-840-ga523dec638 (webtiles) character file.

Game seed: 1359970632954640850

14 Esekla the Sneak (level 2, 19/21 HPs)
             Began as an Octopode Delver on Mar 1, 2023.
             Quit the game on level 5 of the Dungeon.
             The game lasted 00:01:49 (152 turns).

Esekla the Sneak (Octopode Delver)                   Turns: 152, Time: 00:01:50

Health: 19/21      AC:  1    Str: 11    XL:     2   Next: 45%
Magic:  2/2        EV: 13    Int: 12    God:
Gold:   21         SH:  0    Dex: 13    Spells: 1/1 levels left

rFire   . . .      SeeInvis .    a - +0 falchion
rCold   . . .      Faith    .    (no shield)
rNeg    . . .      Spirit   .    (helmet restricted)
rPois   .          Reflect  .    (no amulet)
rElec   .          Harm     .    (no ring)
rCorr   .          Rampage  .    (no ring)
Will    .....                    (no ring)
Stlth   ++++                     (no ring)
HPRegen 0.23/turn                (no ring)
MPRegen 0.08/turn                (no ring)
                                 (no ring)
                                 (no ring)

@: no status effects
A: almost no armour, amphibious, 8 rings, camouflage 1, gelatinous body 1,
(nimble swimmer 1), tentacles
a: no special abilities


You were on level 5 of the Dungeon.
You visited 1 branch of the dungeon, and saw 1 of its levels.

You collected 21 gold pieces.

Inventory:

Hand Weapons
 a - a +0 falchion (weapon)
Wands
 f - a wand of digging (3)
Scrolls
 b - a scroll of fog
 d - a scroll of fear
Potions
 c - a potion of heal wounds {unknown}
 e - a potion of haste


   Skills:
 * Level 3.1 Fighting
 * Level 2.1 Long Blades
 * Level 2.1 Dodging
 + Level 6.9 Stealth
 * Level 0.3 Spellcasting
 * Level 0.4 Transmutations


You had one spell level left.
You didn't know any spells.
Your spell library contained the following spells:

 Spells                   Type           Power      Damage    Failure   Level
 Wereblood                Tmut           1%         N/A       38%         2
 Sublimation of Blood     Necr           0%         N/A       45%         2
 Summon Hydra             Summ           0%         N/A       100%        7


Dungeon Overview and Level Annotations

Branches:
Dungeon (5/15)
 Temple: D:4-7

Altars:

Shops:
D:5 ?


Innate Abilities, Weirdness & Mutations

You cannot wear most types of armour.
You are amphibious.
You can wear up to eight rings at the same time.
Your skin changes colour to match your surroundings (Stealth+).
Your rubbery body absorbs attacks. (AC +1, EV +1)
((You are camouflaged when in or above water. (Stealth+)))
You have tentacles for arms and can constrict up to eight enemies at once.


Message History

You now have 12 gold pieces.
You open the door.
There is an open door here.
You close the door.
You close the door.
You open the door.
There is an open door here.
As you read the scroll of magic mapping, it crumbles to dust.
You feel aware of your surroundings.
You sensed 1 shop/portal.
Found 9 gold pieces.
Found a book of Blood.
You now have 21 gold pieces (gained 9).
You pick up a book of Blood and begin reading...
You add the spells Sublimation of Blood, Wereblood and Summon Hydra to your library.
Found a pair of gloves.
Found a puce potion.
c - a puce potion An adder comes into view.
The adder hisses angrily.
The adder barely misses you.
You hit the adder. You grab the adder. You squeeze the adder.
The adder is severely wounded.
You constrict the adder. The adder completely misses you.
You slash the adder!
You kill the adder!
You have reached level 2!
An ufetubus comes into view.
Found a stone staircase leading up.
Found Ryomalo's Magic Scroll Emporium.
You hit the ufetubus. Your grab misses the ufetubus.
The ufetubus is lightly wounded.
The ufetubus hits you. x2
You hit the ufetubus. You grab the ufetubus.
The ufetubus is almost dead.
You constrict the ufetubus.
You kill the ufetubus!
You open the door.
There is an open door here.
There is an entrance to Ryomalo's Magic Scroll Emporium here.
Are you sure you want to abandon this character and quit the game? (Confirm with "yes".)

#.##.#####.##.# *,******,,,,,
#...,.,* #.##.####***,* *,****
####.#.* #.##.#...,,,,******,*,,,
* *,#.# #.##.#.#####,,,,,,,****,
* *,*,###.##.......#,,,,,,,* *, *
*,*,#.......#'#..#,,,,,,,* **,
****,*,#.#.###.#.#,,#,,,,,,,* *,,
,,,,,,,#.#.....#.#,,*,,,,,,,***,,
****,**#,####..#@#,,+,,,,,,,,,,,,
*,* *,* #..#.+,,*,,,,,,,***,*
****,***,* #..#.+,,****,,,,,,*,,
,,,,,,,,,* #.##<#******,,,,,,,,*
****,,**** #.##.#,,,,,***,**,***
,* **,******#.##.#,,,,,*,,,*,,,,,
,* *,,,,,,,,#.##+#,,,,,*,*,,,,,,,
,* ********,#.#,,,,,,,,*,**,,,,,,
,******** *,#..,,,,,,,,*,,,,,,,,,


There were no monsters in sight!

Vanquished Creatures
  An adder (D:5)
  An ufetubus (D:5)
2 creatures vanquished.

Notes
Turn   | Place    | Note
-------+----------+-------------------------------------------
     0 | D:5      | Esekla the Octopode Delver began the quest for the Orb.
     0 | D:5      | Reached XP level 1. HP: 16/16 MP: 1/1
    17 | D:5      | Noticed an orc wizard
   121 | D:5      | Reached XP level 2. HP: 21/21 MP: 2/2
   135 | D:5      | Found Ryomalo's Magic Scroll Emporium.
   152 | D:5      | Quit the game

Illustrated notes

Levels and vault maps discovered:
D:5:      layout_basic, serial_shops, nicolae_shop_hallway_stairs,
          minmay_hedge_maze, hex_intersection, uniq_menkaure,
          uniq_crazy_yiuf_cottage

Action                     || total
---------------------------++-------
  Melee: Falchion          ||     4
         Constrict         ||     2
         Tentacles         ||     1
    Use: Scroll            ||     1
  Dodge: Dodged            ||     2

Table legend: (Time is in decaauts)
 A = Elapsed time spent in this place.
 B = Non-inter-level travel time spent in this place.
 C = Inter-level travel time spent in this place.
 D = Time resting spent in this place.
 E = Time spent auto-exploring this place.
 F = Levels seen in this place.
 G = Mean time per level.
                   A        B        C        D        E       F      G
               +--------+--------+--------+--------+--------+-----+--------+
         Total |    152 |    152 |      0 |      0 |      0 |   1 |  152.0 |
       Dungeon |    152 |    152 |      0 |      0 |      0 |   1 |  152.0 |
               +--------+--------+--------+--------+--------+-----+--------+

Top non-repeatable levels by time:
     D:5: 152 daAuts
